 Dungeon Crawl Stone Soup version 0.23.0 (webtiles) character file.

Game seed: 11800076716243290814

60 Raclure the Chucker (level 3, 0/30 HPs)
             Began as a Centaur Hunter on Feb 12, 2019.
             Succumbed to a worker ant's poison
             ... on level 4 of the Dungeon.
             The game lasted 00:20:02 (4626 turns).

Raclure the Chucker (Centaur Hunter)                Turns: 4626, Time: 00:20:03

Health: 0/30       AC:  5    Str: 13 (14) XL:     3   Next: 82%
Magic:  3/3        EV:  8    Int:  7 (10) God:
Gold:   37         SH:  3    Dex:  9 (10) Spells: 2/2 levels left

rFire    . . .     SeeInvis .   a - +0 short sword
rCold    . . .     Gourm    .   (no shield)
rNeg     . . .     Faith    .   k - +0 ring mail
rPois    .         Spirit   .   (no helmet)
rElec    .         Reflect  +   (no cloak)
rCorr    .         Harm     .   (no gloves)
MR       +....                  (no barding)
Stlth    ..........             i - +3 amulet of reflection
HPRegen  0.10/turn              m - ring of protection from magic
MPRegen  0.08/turn              (no ring)

@: lethally poisoned (0 -> -14), very quick
A: large, hooves 3, deformed body, speed 2, tough skin 3
a: no special abilities


You were on level 4 of the Dungeon.
You were not hungry.

You visited 1 branch of the dungeon, and saw 4 of its levels.

You collected 37 gold pieces.

Inventory:

Hand Weapons
 a - a +0 short sword (weapon)
Missiles
 e - 36 arrows
 j - 10 stones (quivered)
Armour
 b - a +0 leather armour
 k - a +0 ring mail (worn)
Jewellery
 i - a +3 amulet of reflection (around neck)
 m - a ring of protection from magic (left hand)
Scrolls
 c - a scroll of remove curse
 d - a scroll of identify
 f - 2 scrolls of magic mapping {unknown}
Potions
 g - a potion of curing {unknown}
 h - 2 potions of heal wounds {unknown}


   Skills:
 + Level 2.3 Fighting
 + Level 0.4 Short Blades
 + Level 5.2 Throwing
 + Level 0.8 Armour
 + Level 1.6 Dodging
 + Level 0.6 Stealth


You had 2 spell levels left.
You didn't know any spells.
Your spell library was empty.

Dungeon Overview and Level Annotations

Branches:
Dungeon (4/15)
 Temple: D:4-7

Altars:

Annotations:
D:2 Sigmund
D:4 3 runed translucent doors, coffeespoons's ghost, amateur GrWn


Innate Abilities, Weirdness & Mutations

You have hooves in place of feet.
Armour fits poorly on your strangely shaped body.
You cover ground very quickly.
You have extremely tough skin. (AC +3)


Message History

You feel sick. The adder barely misses you.
You feel sick.
* * * LOW HITPOINT WARNING * * *
You feel sick.
You see here a stone.
j - 9 stones (gained 1)
* * * LOW HITPOINT WARNING * * *
You feel sick. The worker ant bites you.
* * * LOW HITPOINT WARNING * * *
You block the adder's attack.
* * * LOW HITPOINT WARNING * * *
You feel sick.
You see here a stone.
j - 10 stones (gained 1)
* * * LOW HITPOINT WARNING * * *
You feel sick. The worker ant bites you.
* * * LOW HITPOINT WARNING * * *
You are more poisoned.
The worker ant poisons you!
You die...

### ##...............
..##................
#.#................
##.............<...
###.....####...#####.
#.......# ##.###..##
#####..(## #(......#
#...w## #...#####
#..##..###@### #.#
##..#..#
###.####..a..## #
#........####.## .#
##.##..(.#
##.###.#### ###(##
##.......# #..#
#..####.. #..# #..#
####..# #.##


You could see a worker ant.

Vanquished Creatures
  An iguana (D:4)
  An adder skeleton (D:4)
  A worm (D:3)
  2 dart slugs (D:1)
  4 orcs (D:3)
  A ball python (D:1)
  2 bats
  A giant cockroach (D:3)
  3 goblins (D:3)
  3 hobgoblins
  A kobold (D:3)
  A rat (D:3)
21 creatures vanquished.

Notes
Turn   | Place    | Note
-------+----------+-------------------------------------------
     0 | D:1      | Raclure the Centaur Hunter began the quest for the Orb.
     0 | D:1      | Reached XP level 1. HP: 17/17 MP: 1/1
   321 | D:1      | Reached XP level 2. HP: 23/24 MP: 2/2
   339 | D:2      | Noticed Sigmund
  2726 | D:3      | Reached skill level 5 in Throwing
  2823 | D:3      | Reached XP level 3. HP: 28/29 MP: 3/3
  3009 | D:4      | Noticed coffeespoons's ghost (amateur GrWn)
  3091 | D:4      | Found a runed translucent gate.
  3091 | D:4      | Found a runed translucent gate.
  3091 | D:4      | Found a runed translucent gate.
  4625 | D:4      | HP: 1/30 [worker ant (1)]
  4626 | D:4      | Succumbed to a worker ant's poison

Skill      XL: |  1  2 |
---------------+-------+-----
Throwing       | 5 |  5.2
Fighting       | |  2.3
Short Blades   | |  0.4
Armour         | |  0.8
Dodging        | |  1.6
Stealth        | |  0.6

Action                   || total
-------------------------++-------
Melee: Short sword       ||    99
       Kick              ||    14
Throw: Javelin           ||    13
       Throwing net      ||     6
       Stone             ||    68
  Use: Scroll            ||     6
       Potion            ||     4
  Eat: Chunk             ||     4
       Ration            ||     2
Armor: Leather armour    ||    25
       Ring mail         ||    34
       Skin              ||     4
Dodge: Dodged            ||    64
Block: Other             ||    14
